 Zot Defence DCSS version 0.15.2 (webtiles) character file.

625 mahrnol the Ruffian (level 7, -16/8 (70) HPs)
             Began as a Troll Fighter on June 11, 2019.
             Was an Initiate of Trog.
             Demolished by Baefeth the ogre
             ... wielding a +0 giant club
              (24 damage)
             ... in the Realm of Zot (Scenario I: Hall of Zot).
             The game lasted 00:09:14 (945 turns).

mahrnol the Ruffian (Troll Fighter)                  Turns: 945, Time: 00:09:14

HP -16/8 (70)    AC  5     Str 27      XL: 7   Next: 23%
MP   3/3         EV  9     Int  4      God: Trog [......]
Gold 0           SH  9     Dex  9      Spells:  0 memorised,  6 levels left

rFire  . . .     SeeInvis .       - Unarmed
rCold  . . .     Clarity  .     b - +0 robe
rNeg   . . .     rCorr    .     c - +0 shield
rPois  .         rRot     .     (helmet restricted)
rElec  .         Spirit   .     (no cloak)
SustAb .         Warding  .     (gloves unavailable)
rMut   .         Stasis   .     (boots unavailable)
Gourm  +                        (no amulet)
MR     .....                    (no ring)
                                (no ring)

@: not resistant to hostile enchantments, very unstealthy
A: unfitting armour, claws 3, fast metabolism 3, gourmand, regeneration 2,
saprovore 2, shaggy fur 1, tough skin 2
a: Make oklob sapling, Make arrow trap, Make plant, Remove Curse, Make burning
bush, Make altar, Make grenades, Make oklob plant, Burn Spellbooks, Renounce
Religion


You were in the Realm of Zot.
You worshipped Trog.
Trog was noncommittal.
You were not hungry.

You visited 1 branch

Inventory:

Armour
 b - a +0 robe (worn)
 c - a +0 shield (worn)
 o - a +2 scale mail of fire resistance
Comestibles
 d - 2 meat rations
 k - a chunk of quokka flesh
 l - 3 rotting chunks of human flesh
 m - a chunk of bat flesh
 n - a rotting chunk of quokka flesh
 p - a chunk of hound flesh
 q - a rotting chunk of giant newt flesh
 r - a rotting chunk of rat flesh
Scrolls
 j - a scroll of blinking
Potions
 a - 3 potions of curing
 e - a potion of might
 f - a potion of heal wounds
 g - a potion of haste
 h - 2 potions of magic
 i - a potion of berserk rage


   Skills:
 + Level 4.2 Fighting
 - Level 3.7 Dodging
 + Level 3.6 Shields
 * Level 4.8 Unarmed Combat


You had 6 spell levels left.
You didn't know any spells.

Dungeon Overview and Level Annotations

Branches:
    Zot (1/1)

Altars:
Trog


Innate Abilities, Weirdness & Mutations

You are too large for most types of armour.
You have claws for hands.
Your metabolism is lightning-fast.
You like to eat raw meat.
You heal very quickly.
You can eat rotten meat.
You are covered in fur (AC +1).
You have very tough skin (AC +2).


Message History

You resist.
Your flesh rots away as the Orb of Zot is desecrated. x2
Your flesh rots away as the Orb of Zot is desecrated.
You scratch the gnoll shaman.
Your flesh rots away as the Orb of Zot is desecrated. x2
The gnoll shaman is moderately wounded.
Your flesh rots away as the Orb of Zot is desecrated. x2
The gnoll shaman hits you with a club. The orc hits you but does no damage.
Your flesh rots away as the Orb of Zot is desecrated.
You claw the gnoll shaman!
Your flesh rots away as the Orb of Zot is desecrated. x2
The gnoll shaman is almost dead.
Your flesh rots away as the Orb of Zot is desecrated. x3
The gnoll shaman mumbles some strange prayers to its god against the gnoll shaman.
You resist. You block the orc's attack.
Your flesh rots away as the Orb of Zot is desecrated.
The gnoll shaman mumbles some strange prayers to its god against the gnoll shaman.
You resist. Baefeth hits you with a giant club!!
Ouch! That really hurt!
You die...

▓▓▓▓▓▓▓▓▓ ▓▓▓▓▓▓▓ .....▓▓▓▓
▓▓▓▓... ........▓▓▓ ▓▓▓......
..........▓▓ ▓▓........
...........▓ ▓▓▓▓▓▓▓▓▓ ▓.........
...........▓▓▓.......▓▓▓.........
...........▓▓.........▓▓.........
...........▓...o.......▓.........
..o............g@g...............
...........▓...O.g.....▓.........
...........▓▓.........▓▓.........
...........▓▓▓.......▓▓▓.........
...........# ▓▓▓▓▓▓▓▓▓ #.........
..........## ##........
........### ###...... .....####
####... ########## ########


You could see Baefeth the ogre, 2 gnoll shamans, an orc and a hobgoblin.

Vanquished Creatures
  A phantom (Zot)
  2 hounds (Zot)
  A gnoll shaman (Zot)
  Terence (Zot)
  2 green rats (Zot)
  4 worms (Zot)
  3 oozes (Zot)
  3 orcs (Zot)
  6 bats (Zot)
  2 giant cockroaches (Zot)
  12 goblins (Zot)
  A hobgoblin (Zot)
  A jackal (Zot)
  6 kobolds (Zot)
  2 quokkas (Zot)
  A ball python (Zot)
  4 giant newts (Zot)
  6 rats (Zot)
58 creatures vanquished.

Notes
Turn   | Place    | Note
--------------------------------------------------------------
     0 | Zot      | mahrnol, the Troll Fighter, began the quest for the Orb.
     0 | Zot      | Reached XP level 1. HP: 22/22 MP: 1/1
   176 | Zot      | Reached XP level 2. HP: 29/29 MP: 1/1
   196 | Zot      | Reached XP level 3. HP: 36/36 MP: 2/2
   201 | Zot      | Reached skill level 3 in Shields
   202 | Zot      | Noticed Anairr
   305 | Zot      | Reached XP level 4. HP: 34/45 MP: 2/2
   353 | Zot      | Killed Anairr the phantom
   353 | Zot      | Reached XP level 5. HP: 50/54 MP: 2/2
   353 | Zot      | Reached XP level 6. HP: 57/62 MP: 3/3
   607 | Zot      | Noticed Terence
   622 | Zot      | Killed Terence
   767 | Zot      | Reached skill level 4 in Fighting
   817 | Zot      | Reached XP level 7. HP: 65/70 MP: 3/3
   825 | Zot      | Became a worshipper of Trog the Wrathful
   945 | Zot      | Demolished by Baefeth the ogre

Action                   |  1- 3 |  4- 6 |  7- 9 || total
-------------------------+-------+-------+-------++-------
Melee: Unarmed           |    81 |   109 |    13 ||   203
 Abil: Make altar        |       |       |     1 ||     1
  Eat: Chunk             |       |     3 |       ||     3
